AA - U28
AKRON RUBBERDUCKS @ NEW HAVEN RAVENS
07/13/2052
 
TOP OF THE 1ST
New Hampshire Fisher Cats batting - Pitching for Binghamton Rumble Ponies : RHP Arnold Wilson
Pitching: RHP Arnold Wilson
Batting: LHB Ash Brooke 0-0: Ball
1-0: Ball
2-0: Foul Ball, location: 2F
2-1: Swinging Strike
2-2: Foul Ball, location: 2F
2-2: Ball
3-2: Strikes out swinging
Batting: RHB Juan Apellaniz 0-0: SINGLE (Line Drive, 5D, EV 98.1 MPH)
Batting: LHB L.T. Simmons 0-0: Ball
1-0: Ball
2-0: SINGLE (Groundball, 3D, EV 107.5 MPH)
Juan Apellaniz to second
Runner from 2nd tries for 3rd, SAFE, no throw by RF
Batting: RHB Benjamin Porter 0-0: Swinging Strike
0-1: Called Strike
0-2: Strikes out swinging
Batting: RHB Frankie DiLorenzo 0-0: Called Strike
0-1: Foul Ball, location: 2F
0-2: Ball
1-2: Strikes out swinging
Top of the 1st over - 0 runs, 2 hits, 0 errors, 2 left on base; New Hampshire 0 - Binghamton 0
BOTTOM OF THE 1ST
Binghamton Rumble Ponies batting - Pitching for New Hampshire Fisher Cats : LHP Martin Telles
Pitching: LHP Martin Telles
Batting: RHB Miguel Zavala 0-0: Swinging Strike
0-1: Ball
1-1: Ground out 5-3 (Groundball, 5S, EV 60.6 MPH)
Batting: RHB Max Devers 0-0: Ball
1-0: Ball
2-0: Foul Ball, location: 2F
2-1: Ball
3-1: Swinging Strike
3-2: Base on Balls
Batting: RHB Simón Nevarez 0-0: Foul Ball, location: 2F
0-1: SINGLE (Groundball, 15S, EV 68.1 MPH) (infield hit)
Max Devers to second
Batting: RHB Davey Jeun 0-0: Ball
1-0: Ball
2-0: 3-RUN HOME RUN (Flyball, 7D, EV 98.1 MPH), Distance : 365 ft
Batting: RHB Alberto Salazar 0-0: Called Strike
0-1: Ball
1-1: Foul Ball, location: 2F
1-2: Strikes out looking
Batting: RHB Ruben Santana 0-0: Called Strike
0-1: Ball
1-1: Called Strike
1-2: Strikes out swinging
Bottom of the 1st over - 3 runs, 2 hits, 0 errors, 0 left on base; New Hampshire 0 - Binghamton 3
TOP OF THE 2ND
New Hampshire Fisher Cats batting - Pitching for Binghamton Rumble Ponies : RHP Arnold Wilson
Batting: LHB Rex Torres 0-0: Called Strike
0-1: Called Strike
0-2: Strikes out swinging
Batting: RHB Jared Thompson 0-0: Called Strike
0-1: Ball
1-1: Ball
2-1: Foul Ball, location: 2F
2-2: Ball
3-2: Ground out 5-3 (Groundball, 56, EV 93.8 MPH)
Batting: RHB Nicolas Esperon 0-0: Reached on error, E4 (Groundball, 34, EV 78.8 MPH)
Batting: RHB Marc Antony Cypher 0-0: Foul Ball, location: 2F
0-1: Ball
1-1: SINGLE (Line Drive, 7S, EV 98.8 MPH)
Nicolas Esperon to second
Batting: LHB Ash Brooke 0-0: Ball
1-0: Called Strike
1-1: Called Strike
1-2: Ball
2-2: Strikes out swinging
Top of the 2nd over - 0 runs, 1 hit, 1 error, 2 left on base; New Hampshire 0 - Binghamton 3
BOTTOM OF THE 2ND
Binghamton Rumble Ponies batting - Pitching for New Hampshire Fisher Cats : LHP Martin Telles
Batting: RHB Misao Namiki 0-0: Ball
1-0: Ball
2-0: Ball
3-0: Called Strike
3-1: Base on Balls
Batting: LHB Griffin Curran 0-0: Called Strike
0-1: Ball
1-1: Called Strike
1-2: Ball
2-2: Foul Ball, location: 2F
2-2: Strikes out swinging
Batting: RHB Keenan Kwanjai 0-0: Called Strike
0-1: Foul Ball, location: 2F
0-2: Ball
1-2: Foul Ball, location: 2F
1-2: Ball
2-2: Grounds into double play, 6-4-3 (Groundball, 56, EV 109.4 MPH)
Bottom of the 2nd over - 0 runs, 0 hits, 0 errors, 0 left on base; New Hampshire 0 - Binghamton 3
TOP OF THE 3RD
New Hampshire Fisher Cats batting - Pitching for Binghamton Rumble Ponies : RHP Arnold Wilson
Batting: RHB Juan Apellaniz 0-0: Ball
1-0: Ball
2-0: SINGLE (Groundball, 34D, EV 103.8 MPH)
Batting: LHB L.T. Simmons 0-0: Foul Ball, location: 2F
0-1: Swinging Strike
0-2: Ball
1-2: Ball
2-2: Foul Ball, location: 2F
2-2: Strikes out swinging
Batting: RHB Benjamin Porter 0-0: Called Strike
0-1: Foul Ball, location: 2F
0-2: Ball
1-2: Fly out, F8 (Flyball, 89M, EV 96.9 MPH)
Batting: RHB Frankie DiLorenzo 0-0: Called Strike
0-1: Swinging Strike
0-2: Foul Ball, location: 2F
0-2: Strikes out looking
Top of the 3rd over - 0 runs, 1 hit, 0 errors, 1 left on base; New Hampshire 0 - Binghamton 3
BOTTOM OF THE 3RD
Binghamton Rumble Ponies batting - Pitching for New Hampshire Fisher Cats : LHP Martin Telles
Batting: RHB Miguel Zavala 0-0: Ground out 4-3 (Groundball, 4, EV 102.5 MPH)
Batting: RHB Max Devers 0-0: Ball
1-0: Ball
2-0: Ball
3-0: Base on Balls
Batting: RHB Simón Nevarez 0-0: Called Strike
0-1: Foul Ball, location: 2F
0-2: Ball
1-2: Strikes out swinging
Batting: RHB Davey Jeun 0-0: Ball
1-0: Foul Ball, location: 2F
1-1: Swinging Strike
1-2: Foul Ball, location: 2F
1-2: Strikes out looking
Bottom of the 3rd over - 0 runs, 0 hits, 0 errors, 1 left on base; New Hampshire 0 - Binghamton 3
TOP OF THE 4TH
New Hampshire Fisher Cats batting - Pitching for Binghamton Rumble Ponies : RHP Arnold Wilson
Batting: LHB Rex Torres 0-0: Foul Ball, location: 2F
0-1: Swinging Strike
0-2: Fly out, F8 (Flyball, 8RD, EV 105.6 MPH)
Batting: RHB Jared Thompson 0-0: Ball
1-0: SINGLE (Groundball, 6MD, EV 100.0 MPH)
Batting: RHB Nicolas Esperon 0-0: Called Strike
0-1: Foul Ball, location: 2F
0-2: Foul Ball, location: 2F
0-2: Foul Ball, location: 2F
0-2: Ball
1-2: Ball
2-2: Ball
3-2: Foul Ball, location: 2F
3-2: Strikes out swinging
Batting: RHB Marc Antony Cypher 0-0: Called Strike
0-1: Ball
1-1: Foul Ball, location: 2F
1-2: Reached on error, E1 (Groundball, 25, EV 70.0 MPH)
Jared Thompson to second
Batting: LHB Ash Brooke 0-0: Swinging Strike
0-1: Swinging Strike
0-2: Ball
1-2: Foul Ball, location: 2F
1-2: Strikes out swinging
Top of the 4th over - 0 runs, 1 hit, 1 error, 2 left on base; New Hampshire 0 - Binghamton 3
BOTTOM OF THE 4TH
Binghamton Rumble Ponies batting - Pitching for New Hampshire Fisher Cats : LHP Martin Telles
Batting: RHB Alberto Salazar 0-0: Fly out, F9 (Line Drive, 9D, EV 106.9 MPH)
Batting: RHB Ruben Santana 0-0: Called Strike
0-1: Foul Ball, location: 2F
0-2: Ball
1-2: Strikes out looking
Batting: RHB Misao Namiki 0-0: Ball
1-0: Ball
2-0: Fly out, F9 (Flyball, 9D, EV 94.4 MPH)
Bottom of the 4th over - 0 runs, 0 hits, 0 errors, 0 left on base; New Hampshire 0 - Binghamton 3
TOP OF THE 5TH
New Hampshire Fisher Cats batting - Pitching for Binghamton Rumble Ponies : RHP Arnold Wilson
Batting: RHB Juan Apellaniz 0-0: Called Strike
0-1: Called Strike
0-2: Ball
1-2: Ball
2-2: Foul Ball, location: 2F
2-2: Foul Ball, location: 2F
2-2: Strikes out swinging
Batting: LHB L.T. Simmons 0-0: Ball
1-0: Swinging Strike
1-1: Foul Ball, location: 2F
1-2: Strikes out swinging
Batting: RHB Benjamin Porter 0-0: Ball
1-0: Ball
2-0: Ball
3-0: Base on Balls
Batting: RHB Frankie DiLorenzo 0-0: Ball
1-0: Foul Ball, location: 2F
1-1: 2-RUN HOME RUN (Flyball, 7D, EV 96.9 MPH), Distance : 355 ft
Batting: LHB Rex Torres 0-0: Ball
1-0: Foul Ball, location: 2F
1-1: Called Strike
1-2: Strikes out looking
Top of the 5th over - 2 runs, 1 hit, 0 errors, 0 left on base; New Hampshire 2 - Binghamton 3
BOTTOM OF THE 5TH
Binghamton Rumble Ponies batting - Pitching for New Hampshire Fisher Cats : LHP Martin Telles
Batting: LHB Griffin Curran 0-0: Ball
1-0: Ball
2-0: Ground out U3 (Groundball, 3, EV 103.1 MPH)
Batting: RHB Keenan Kwanjai 0-0: Swinging Strike
0-1: Foul Ball, location: 2F
0-2: Strikes out looking
Batting: RHB Miguel Zavala 0-0: Ball
1-0: Ball
2-0: Ground out 6-3 (Groundball, 6, EV 91.2 MPH)
Bottom of the 5th over - 0 runs, 0 hits, 0 errors, 0 left on base; New Hampshire 2 - Binghamton 3
TOP OF THE 6TH
New Hampshire Fisher Cats batting - Pitching for Binghamton Rumble Ponies : RHP Arnold Wilson
Pitching: LHP Luke Sanders
Batting: RHB Jared Thompson 0-0: Swinging Strike
0-1: Swinging Strike
0-2: Ball
1-2: Ball
2-2: Strikes out swinging
Batting: RHB Nicolas Esperon 0-0: Swinging Strike
0-1: Called Strike
0-2: Strikes out swinging
Batting: RHB Marc Antony Cypher 0-0: Ball
1-0: Foul Ball, location: 2F
1-1: Swinging Strike
1-2: Strikes out swinging
Top of the 6th over - 0 runs, 0 hits, 0 errors, 0 left on base; New Hampshire 2 - Binghamton 3
BOTTOM OF THE 6TH
Binghamton Rumble Ponies batting - Pitching for New Hampshire Fisher Cats : LHP Martin Telles
Batting: RHB Max Devers 0-0: Called Strike
0-1: Called Strike
0-2: Strikes out swinging
Batting: RHB Simón Nevarez 0-0: Fly out, F7 (Flyball, BS2, EV 106.2 MPH)
Batting: RHB Davey Jeun 0-0: SINGLE (Line Drive, 89S, EV 103.8 MPH)
Batting: RHB Alberto Salazar 0-0: Ball
1-0: Ball
2-0: Fly out, F7 (Flyball, 78M, EV 79.4 MPH)
Bottom of the 6th over - 0 runs, 1 hit, 0 errors, 1 left on base; New Hampshire 2 - Binghamton 3
TOP OF THE 7TH
New Hampshire Fisher Cats batting - Pitching for Binghamton Rumble Ponies : LHP Luke Sanders
Pinch Hitting: SHB Connor Miller 0-0: Called Strike
0-1: Swinging Strike
0-2: Ball
1-2: Ball
2-2: Ball
3-2: Ground out 6-3 (Groundball, 56, EV 90.6 MPH)
Batting: RHB Juan Apellaniz 0-0: Called Strike
0-1: Ball
1-1: Called Strike
1-2: Strikes out swinging
Batting: LHB L.T. Simmons 0-0: Ball
1-0: Swinging Strike
1-1: Ground out 4-3 (Groundball, 34, EV 97.5 MPH)
Top of the 7th over - 0 runs, 0 hits, 0 errors, 0 left on base; New Hampshire 2 - Binghamton 3
BOTTOM OF THE 7TH
Binghamton Rumble Ponies batting - Pitching for New Hampshire Fisher Cats : LHP Martin Telles
Now in LF: Connor Miller
Batting: RHB Ruben Santana 0-0: Called Strike
0-1: Fly out, F7 (Line Drive, 7S, EV 98.1 MPH)
Batting: RHB Misao Namiki 0-0: Ball
1-0: Called Strike
1-1: Fly out, F8 (Flyball, 8LD, EV 86.9 MPH)
Batting: LHB Griffin Curran 0-0: Ball
1-0: Foul Ball, location: 2F
1-1: Foul Ball, location: 2F
1-2: Ball
2-2: Strikes out looking
Bottom of the 7th over - 0 runs, 0 hits, 0 errors, 0 left on base; New Hampshire 2 - Binghamton 3
TOP OF THE 8TH
New Hampshire Fisher Cats batting - Pitching for Binghamton Rumble Ponies : LHP Luke Sanders
Batting: RHB Benjamin Porter 0-0: Ball
1-0: Called Strike
1-1: Ball
2-1: Foul Ball, location: 2F
2-2: Strikes out swinging
Batting: RHB Frankie DiLorenzo 0-0: Ball
1-0: Called Strike
1-1: Called Strike
1-2: Strikes out swinging
Pitching: RHP Rollin Mecca
Batting: LHB Rex Torres 0-0: Called Strike
0-1: Foul Ball, location: 2F
0-2: Ball
1-2: Ball
2-2: Foul Ball, location: 2F
2-2: SINGLE (Flyball, 34D, EV 90.0 MPH)
Batting: RHB Jared Thompson 0-0: Ball
1-0: Ball
2-0: Ball
3-0: Base on Balls
Rex Torres to second
Pinch Hitting: LHB Travis Sheskey 0-0: Ground out 4-3 (Groundball, 4, EV 87.5 MPH)
Top of the 8th over - 0 runs, 1 hit, 0 errors, 2 left on base; New Hampshire 2 - Binghamton 3
BOTTOM OF THE 8TH
Binghamton Rumble Ponies batting - Pitching for New Hampshire Fisher Cats : LHP Martin Telles
Now at 2B: Ethan Shearer
Batting: RHB Keenan Kwanjai 0-0: Swinging Strike
0-1: Fly out, F7 (Flyball, 78S, EV 78.8 MPH)
Batting: RHB Miguel Zavala 0-0: Called Strike
0-1: Ball
1-1: Swinging Strike
1-2: Ball
2-2: Foul Ball, location: 2F
2-2: SOLO HOME RUN (Line Drive, 7LD, EV 95.6 MPH), Distance : 352 ft
Pitching: RHP Will Thompson
Batting: RHB Max Devers 0-0: Ball
1-0: Ground out 4-3 (Groundball, 4S, EV 72.5 MPH)
Batting: RHB Simón Nevarez 0-0: Called Strike
0-1: Fly out, F9 (Flyball, 9LSF, EV 88.1 MPH)
Bottom of the 8th over - 1 run, 1 hit, 0 errors, 0 left on base; New Hampshire 2 - Binghamton 4
TOP OF THE 9TH
New Hampshire Fisher Cats batting - Pitching for Binghamton Rumble Ponies : RHP Rollin Mecca
Pitching: RHP Forster Stevens
Now at 1B: Jorge Armendariz
Now in LF: Adam Curran
Batting: RHB Marc Antony Cypher 0-0: Ball
1-0: Swinging Strike
1-1: Ball
2-1: Swinging Strike
2-2: Ground out 5-3 (Groundball, 56S, EV 84.4 MPH)
Batting: SHB Connor Miller 0-0: Ball
1-0: Ball
2-0: Hit by Pitch
Batting: RHB Juan Apellaniz 0-0: Ball
Wild Pitch!
Connor Miller to second
1-0: Called Strike
1-1: Reached on error, E5 (Groundball, 15, EV 91.2 MPH)
Connor Miller to third
Batting: LHB L.T. Simmons 0-0: Called Strike
0-1: Ball
1-1: Swinging Strike
1-2: Ball
2-2: Ball
3-2: Foul Ball, location: 2F
3-2: Strikes out looking
Pinch Hitting: LHB Jacob Millard 0-0: Called Strike
0-1: Foul Ball, location: 2F
0-2: Strikes out swinging
Top of the 9th over - 0 runs, 0 hits, 1 error, 2 left on base; New Hampshire 2 - Binghamton 4
Sunday, April 28th , 2024 - OOTP Baseball 24.11 Build 85